 Dungeon Crawl Stone Soup version 0.25.1-2-g60ff931df9 (webtiles) character file.

Game seed: 7736071549621543064

59427 Erymatos the Severer (level 14, -1/136 HPs)
             Began as a Minotaur Berserker on Nov 11, 2020.
             Was a High Priest of Trog.
             Slain by a two-headed ogre
             ... wielding a +0 giant club
             ... summoned by a glowing orange brain
              (5 damage)
             ... while paralysed
             ... on level 15 of the Dungeon.
             The game lasted 00:34:21 (16814 turns).

Erymatos the Severer (Minotaur Berserker)          Turns: 16814, Time: 00:34:22

Health: -1/136     AC: 25    Str: 25    XL:     14   Next: 53%
Magic:  1/13       EV:  2    Int: -5 (-4) God:    Trog [*****.]
Gold:   2277       SH:  0    Dex: 18    Spells: 13/13 levels left

rFire    x . .     SeeInvis .   B - +7 hand axe of the Vase {protect, rN++ Int-5}
rCold    + + +     Gourm    .   (no shield)
rNeg     + + +     Faith    .   S - +4 ice dragon scales of Qurph {rElec rF- rC++ rN+ Dex+2}
rPois    +         Spirit   .   a - +0 hat
rElec    +         Reflect  .   E - +0 cloak
rCorr    .         Harm     .   G - +0 pair of gloves
MR       +....                  Q - +2 pair of boots
Stlth    +.........             P - amulet of the acrobat
HPRegen  0.32/turn              W - ring "Fusera" {+Fly rPois Int-3 Dex+4 Stlth+}
MPRegen  0.13/turn              Z - ring of protection from cold

@: paralysed, fainting, slowed, lost intelligence
A: retaliatory headbutt, horns 2, subdued magic 1
a: Berserk, Trog's Hand, Brothers in Arms, Renounce Religion, Evoke Flight


You were on level 15 of the Dungeon.
You worshipped Trog.
Trog was extremely pleased with you.
You were fainting.

You visited 1 branch of the dungeon, and saw 15 of its levels.
You also visited: Ice Cave.

You collected 2277 gold pieces.

Inventory:

Hand Weapons
 B - the +7 hand axe of the Vase (weapon) {protect, rN++ Int-5}
   (You found it on level 6 of the Dungeon)

   It grants its wielder temporary protection when it strikes (+7 to AC).
   It affects your intelligence (-5).
   It greatly protects you from negative energy.
 T - the +1 broad axe of Odibi {freeze, rPois rC+}
   (You found it on level 10 of the Dungeon)

   It has been specially enchanted to freeze those struck by it, causing extra
   injury to most foes and up to half again as much damage against particularly
   susceptible opponents.
   It can also slow down cold-blooded creatures.
   It protects you from cold.
   It protects you from poison.
Armour
 a - a +0 hat (worn)
 A - the +0 scale mail of Perfidy {rElec Str+3}
   (You found it on level 14 of the Dungeon)

   It affects your strength (+3).
   It insulates you from electricity.
 E - a +0 cloak (worn)
 G - a +0 pair of gloves (worn)
 Q - a +2 pair of boots (worn)
 S - the +4 ice dragon scales of Qurph (worn) {rElec rF- rC++ rN+ Dex+2}
   (You found it on level 10 of the Dungeon)

   It affects your dexterity (+2).
   It makes you vulnerable to fire.
   It greatly protects you from cold.
   It insulates you from electricity.
   It protects you from negative energy.
Jewellery
 r - an uncursed ring of poison resistance
 L - an uncursed ring of flight
 P - an amulet of the acrobat (around neck)
 U - the ring "Efa Pucw" {Ice rElec Dex+4}
   (You found it on level 10 of the Dungeon)

   [ring of ice]

   It enhances your ice magic.
   It affects your dexterity (+4).
   It makes you vulnerable to fire.
   It protects you from cold.
   It insulates you from electricity.
 W - the ring "Fusera" (left hand) {+Fly rPois Int-3 Dex+4 Stlth+}
   (You found it on level 11 of the Dungeon)

   [ring of flight]

   It affects your intelligence (-3).
   It affects your dexterity (+4).
   It protects you from poison.
   It lets you fly.
   It makes you more stealthy.
 Z - a ring of protection from cold (right hand)
Wands
 p - a wand of enslavement (7)
 y - a wand of polymorph (14)
 D - a wand of clouds (10)
Scrolls
 b - 5 scrolls of magic mapping {unknown}
 i - 7 scrolls of remove curse
 j - 8 scrolls of teleportation
 l - 4 scrolls of enchant weapon
 m - 3 scrolls of blinking
 n - 3 scrolls of immolation
 s - 12 scrolls of identify
 t - 4 scrolls of noise
 x - 3 scrolls of fear {unknown}
 C - a scroll of enchant armour {unknown}
 I - a scroll of vulnerability {unknown}
 J - a scroll of random uselessness {unknown}
 M - a scroll of brand weapon {unknown}
 O - 2 scrolls of amnesia {unknown}
Potions
 e - 5 potions of heal wounds {unknown}
 f - 5 potions of brilliance {unknown}
 g - 2 potions of berserk rage {unknown}
 h - a potion of cancellation {unknown}
 k - a potion of invisibility {unknown}
 o - 5 potions of flight {unknown}
 q - 3 potions of haste {unknown}
 u - 2 potions of resistance {unknown}
 v - 2 potions of stabbing {unknown}
 w - 5 potions of degeneration {unknown}
 z - a potion of lignification {unknown}
 F - 3 potions of curing {unknown}
 X - 3 potions of ambrosia {unknown}
 Y - 2 potions of might {unknown}
Comestibles
 c - 23 rations


   Skills:
 + Level 15.6 Fighting
 + Level 17.7 Axes
 + Level 14.1 Armour
 + Level 11.2 Dodging
 - Level 0.8 Stealth


You had 13 spell levels left.
You didn't know any spells.
Your spell library was empty.

Dungeon Overview and Level Annotations

Branches:
Dungeon (15/15)            Temple (0/1) D:6            Lair (0/6) D:10
    Orc (0/2) D:12         Vaults (0/5) D:13         Depths (0/5) D:15
  IceCv (visited)

Altars:
Hepliaklqana
Qazlal

Shops:
D:11 %


Innate Abilities, Weirdness & Mutations

You reflexively headbutt those who attack you in melee.
You have a pair of horns on your head.
Your spells are a little easier to cast, but a little less powerful.


Message History

The tengu warrior hits you with a +0 great sword of holy wrath!
* * * LOW HITPOINT WARNING * * *
The tengu warrior pecks you but does no damage.
The tengu warrior claws you.
* * * LOW HITPOINT WARNING * * *
You feel less confused.
The alligator puts on a burst of speed!
The two-headed ogre hits you with a +0 giant club!
* * * LOW HITPOINT WARNING * * *
The two-headed ogre hits you but does no damage.
The tengu warrior hits you with a +0 great sword of holy wrath!
* * * LOW HITPOINT WARNING * * *
The tengu warrior barely misses you.
The tengu warrior claws you but does no damage.
The two-headed ogre hits you but does no damage. x2
The tengu warrior hits you but does no damage.
The tengu warrior pecks you but does no damage.
The tengu warrior claws you but does no damage.
The two-headed ogre hits you with a +0 giant club.
You die...

##..## ##........##
##..## ##......## #
##..## ##....## ##
##..## #....# ##.
##..## #....# ##..
##..##
.:...#####...
##<.##
######............
##...#
##.#..#.####......#
#..(##
#O@†G.###..##......
##..##
##Q##..#....##.....
#..)#
#Rt###.......'.....
##...#
#.c..###....##.....
#....## ####†#
##..##......
#.....# ..#
#####...(..
###...## ...#
##..... ##...##
....# ##....#
###..## ...##
#....##


You could see an alligator shaped shifter (swift), a tengu warrior (summoned), a
glowing orange brain (scary), a centaur warrior (summoned), a two-headed ogre
(summoned) and an efreet (summoned).

Vanquished Creatures
  2 frost giants
  Fannar (D:10)
  4 vault guards (D:13)
  3 hydras
  7 centaur warriors
  3 two-headed ogres
  A death yak (IceCv)
  4 unseen horrors
  An orc knight (D:11)
  A deep elf mage (D:14)
  11 ugly things
  A shining eye (shapeshifter) (D:14)
  3 cyclopes
  3 manticores
  5 centaur zombies
  Joseph (D:7)
  A gargoyle (D:11)
  5 centaur skeletons
  A kobold demonologist (D:13)
  3 rime drakes
  A yaktaur (shapeshifter) (D:15)
  An efreet (D:13)
  2 ice devils (D:13)
  A troll (shapeshifter) (D:14)
  2 freezing wraiths
  7 trolls
  2 hornets
  21 polar bears
  17 slime creatures
  4 hippogriffs
  Sigmund (D:2)
  A centaur simulacrum (D:15)
  2 wyverns
  2 shadows
  4 wraiths
  22 yaks
  A basilisk (D:10)
  A basilisk (shapeshifter) (D:15)
  3 steam dragons
  5 hungry ghosts
  6 vampire mosquitoes
  4 soldier ants
  A water moccasin (D:10)
  2 acid dragons
  5 sky beasts
  5 ice beasts
  2 eyes of draining
  A necrophage (D:7)
  8 orc warriors
  5 phantoms
  10 centaurs
  9 wolves (IceCv)
  8 ogres
  A crocodile (D:10)
  A big kobold (D:11)
  A gnoll sergeant (D:7)
  11 bullfrogs
  10 scorpions
  2 troll zombies (D:12)
  A killer bee (D:13)
  11 wights
  2 crimson imps
  5 orc wizards
  A quasit (D:13)
  3 bullfrog zombies
  2 hounds
  5 bullfrog skeletons
  9 orc priests
  8 jellies
  Crazy Yiuf (D:6)
  2 iguanas (D:9)
  15 worker ants
  Natasha (thrice) (D:4)
  4 ogre zombies (D:12)
  A hound zombie (D:11)
  4 hound skeletons
  A howler monkey zombie (D:11)
  10 gnolls
  7 adders
  4 shadow imps
  5 worms
  5 dart slugs
  8 leopard geckos
  39 orcs
  3 ball pythons
  4 giant cockroaches
  12 hobgoblins
  4 jackals (D:2)
  13 kobolds
  7 quokkas
  6 bats
  4 frilled lizards
  11 goblins
  A goblin skeleton (D:12)
  5 hobgoblin zombies (D:12)
  2 orc skeletons (D:12)
  11 orc zombies (D:12)
  13 rats
505 creatures vanquished.

Vanquished Creatures (collateral kills)
  3 two-headed ogres (D:11)
  2 deep elf magi (D:11)
  An orc knight (D:11)
  A slime creature (D:15)
  A hippogriff (D:11)
  2 vampire mosquitoes (D:11)
  2 orc warriors (D:11)
  A crimson imp (D:11)
  A bullfrog zombie (D:11)
14 creatures vanquished.

Vanquished Creatures (others)
  An unseen horror (shapeshifter) (D:15)
  A polar bear (IceCv)
  2 wolves (IceCv)
4 creatures vanquished.

Grand Total: 523 creatures vanquished

Notes
Turn   | Place    | Note
-------+----------+-------------------------------------------
     0 | D:1      | Erymatos the Minotaur Berserker began the quest for the
                  | Orb.
     0 | D:1      | Reached XP level 1. HP: 19/19 MP: 0/0
    41 | D:1      | Reached XP level 2. HP: 27/27 MP: 1/1
    82 | D:1      | Reached skill level 4 in Axes
   453 | D:1      | Reached XP level 3. HP: 33/33 MP: 2/2
   587 | D:1      | Reached ** piety under Trog
   867 | D:2      | Noticed Sigmund
   880 | D:2      | Killed Sigmund
   880 | D:2      | Reached skill level 5 in Fighting
   880 | D:2      | Reached skill level 5 in Axes
   880 | D:2      | Reached XP level 4. HP: 7/42 MP: 3/3
   880 | D:2      | Reached XP level 5. HP: 8/48 MP: 4/4
  1180 | D:2      | Noticed a sky beast
  1185 | D:2      | Killed a sky beast
  1185 | D:2      | Reached XP level 6. HP: 56/56 MP: 5/5
  1449 | D:2      | Reached skill level 6 in Axes
  2334 | D:3      | Reached *** piety under Trog
  3379 | D:4      | Reached XP level 7. HP: 62/62 MP: 6/6
  3879 | D:4      | Noticed Natasha
  3888 | D:4      | Killed Natasha
  3888 | D:4      | Reached skill level 7 in Axes
  3890 | D:4      | Reached skill level 5 in Armour
  3943 | D:4      | Found a hazy altar of Hepliaklqana.
  4061 | D:4      | Noticed Natasha
  4066 | D:4      | Killed Natasha
  4134 | D:4      | Reached **** piety under Trog
  4138 | D:4      | Noticed Natasha
  4143 | D:4      | Killed Natasha
  4347 | D:5      | Entered Level 5 of the Dungeon
  4368 | D:5      | Reached XP level 8. HP: 68/71 MP: 7/7
  4547 | D:5      | Reached skill level 8 in Axes
  5205 | D:6      | Found a staircase to the Ecumenical Temple.
  5421 | D:6      | Found a runed translucent door.
  5422 | D:6      | Noticed Crazy Yiuf
  5447 | D:6      | Reached skill level 9 in Axes
  5461 | D:6      | Got a fine hand axe
  5462 | D:6      | Lost intelligence.
  5462 | D:6      | Identified the +7 hand axe of the Vase {protect, rN++
                  | Int-5} (You found it on level 6 of the Dungeon)
  5919 | D:6      | Killed Crazy Yiuf
  6114 | D:7      | Reached skill level 10 in Axes
  6114 | D:7      | Reached XP level 9. HP: 71/79 MP: 8/8
  6411 | D:7      | Noticed Joseph
  6422 | D:7      | Killed Joseph
  6646 | D:7      | Reached ***** piety under Trog
  6646 | D:7      | Reached skill level 11 in Axes
  6827 | D:8      | Reached skill level 5 in Dodging
  6931 | D:8      | Noticed a two-headed ogre
  6941 | D:8      | Killed a two-headed ogre
  7251 | D:8      | Reached XP level 10. HP: 77/90 MP: 9/9
  7620 | D:8      | Noticed a manticore
  7623 | D:8      | Reached skill level 12 in Axes
  7632 | D:8      | Killed a manticore
  8210 | D:9      | Found a stormy altar of Qazlal.
  8281 | D:10     | Entered Level 10 of the Dungeon
  8509 | D:10     | Reached skill level 10 in Armour
  8744 | D:10     | Reached skill level 13 in Axes
  8749 | D:10     | Reached skill level 10 in Fighting
  8753 | D:10     | Noticed a frost giant
  8765 | D:10     | Killed a frost giant
  8765 | D:10     | Reached XP level 11. HP: 65/101 MP: 10/10
  8772 | D:10     | Got crude ice dragon scales
  8774 | D:10     | Got the broad axe of Odibi {freeze}
  8777 | D:10     | Got the ring "Efa Pucw" {Ice}
  8780 | D:10     | Identified the cursed +1 broad axe of Odibi {freeze, rPois
                  | rC+} (You found it on level 10 of the Dungeon)
  8791 | D:10     | Identified the +4 ice dragon scales of Qurph {rElec rF-
                  | rC++ rN+ Dex+2} (You found it on level 10 of the Dungeon)
  8794 | D:10     | Identified the ring "Efa Pucw" {Ice rElec Dex+4} (You found
                  | it on level 10 of the Dungeon)
  8849 | D:10     | Lost intelligence.
  8915 | D:10     | Found a staircase to the Lair.
  8942 | D:10     | Reached skill level 14 in Axes
  9208 | D:10     | Noticed Fannar
  9225 | D:10     | Killed Fannar
  9321 | D:10     | Noticed a two-headed ogre
  9326 | D:10     | Killed a two-headed ogre
  9541 | D:11     | Noticed a two-headed ogre
  9544 | D:11     | Noticed a deep elf mage
  9547 | D:11     | Noticed a sun demon
  9547 | D:11     | Noticed a deep elf mage
  9547 | D:11     | Noticed an orc knight
  9554 | D:11     | Noticed a sun demon
  9556 | D:11     | Reached ****** piety under Trog
  9559 | D:11     | Noticed a two-headed ogre
  9562 | D:11     | Killed a two-headed ogre
  9565 | D:11     | Killed a two-headed ogre
  9600 | D:11     | Killed a deep elf mage
  9600 | D:11     | Reached skill level 15 in Axes
  9606 | D:11     | Killed a deep elf mage
  9619 | D:11     | Killed an orc knight
  9630 | D:11     | Noticed a two-headed ogre
  9635 | D:11     | Killed a two-headed ogre
  9635 | D:11     | Reached XP level 12. HP: 110/110 MP: 11/11
  9756 | D:11     | Got a crude lead ring
  9925 | D:11     | Received a gift from Trog
 10036 | D:11     | Identified the ring "Fusera" {+Fly rPois Int-3 Dex+4
                  | Stlth+} (You found it on level 11 of the Dungeon)
 10236 | D:11     | Found Wiseig's Food Shoppe.
 11152 | D:12     | Found a staircase to the Orcish Mines.
 11259 | D:12     | Reached skill level 16 in Axes
 11607 | D:12     | Received a gift from Trog
 11958 | D:12     | Noticed a two-headed ogre
 11967 | D:12     | Killed a two-headed ogre
 12126 | D:13     | Noticed a centaur warrior
 12141 | D:13     | Killed a centaur warrior
 12249 | D:13     | Reached XP level 13. HP: 85/122 MP: 12/12
 12368 | D:13     | Found a frozen archway.
 12392 | IceCv    | Entered an ice cave
 12865 | IceCv    | Noticed a frost giant
 12893 | IceCv    | Received a gift from Trog
 12900 | IceCv    | Killed a frost giant
 13306 | D:13     | Found a gate to the Vaults.
 13337 | D:13     | Reached skill level 10 in Dodging
 13342 | D:13     | Reached skill level 17 in Axes
 14444 | D:14     | Got a spiked scale mail
 14454 | D:14     | Gained mutation: Your spells are a little easier to cast,
                  | but a little less powerful. [a shining eye]
 14466 | D:14     | Identified the +0 scale mail of Perfidy {rElec Str+3} (You
                  | found it on level 14 of the Dungeon)
 14593 | D:14     | Reached XP level 14. HP: 133/133 MP: 13/13
 14717 | D:14     | Reached skill level 15 in Fighting
 15777 | D:15     | Entered Level 15 of the Dungeon
 16098 | D:15     | Received a gift from Trog
 16741 | D:15     | Found a staircase to the Depths.
 16785 | D:15     | Noticed an entropy weaver
 16785 | D:15     | a tyrant leech changed into an entropy weaver
 16790 | D:15     | an entropy weaver changed into an ettin
 16805 | D:15     | Paralysed by fainting for 10 turns
 16812 | D:15     | HP: 4/136 [tengu warrior/+0 great sword of holy wrath[a
                  | glowing orange brain] (7)]
 16814 | D:15     | Slain by a two-headed ogre

Illustrated notes

Levels and vault maps discovered:
D:1:      evilmike_arrival_plus, layout_rooms
D:2:      layout_loops_corners, serial_forest, infiniplex_forest_fountain,
          infiniplex_forest_lined_ring, infiniplex_forest_end_2,
          infiniplex_forest_straight_3, infiniplex_forest_lined_3,
          infiniplex_forest_3_way, infiniplex_forest_clump_curved,
          infiniplex_forest_end_2, infiniplex_forest_zigzag_1,
          infiniplex_forest_lined_3, first_ration, uniq_sigmund
D:3:      wad_river_or_something, layout_loops_ring
D:4:      layout_cave_pods, nicolae_overflow_crystal_walls, uniq_natasha
D:5:      layout_basic
D:6:      layout_basic, minmay_temple_entry_poolview, serial_park_tiny_pond,
          minmay_misc_feat_five, uniq_crazy_yiuf_cottage
D:7:      layout_cave_pools, uniq_joseph
D:8:      layout_loops_ring
D:9:      layout_rooms, basic_altar
D:10:     minmay_coctagon, layout_cave_pools, david_lair_generic, uniq_fannar
D:11:     minmay_the_grid_square_5x5_5x5 [minmay_the_grid_square_5x5_trominoes,
          minmay_the_grid_square_5x5_doubleslash, minmay_the_grid_square_5x5_v,
          minmay_the_grid_square_5x5_tetrominoes,
          minmay_the_grid_square_5x5_shuriken,
          minmay_the_grid_square_5x5_minivault,
          minmay_the_grid_square_5x5_prize_waves,
          minmay_the_grid_square_5x5_slash,
          minmay_the_grid_square_5x5_prize_itemx,
          minmay_the_grid_square_5x5_pentomino_r,
          minmay_the_grid_square_5x5_intrusive_squares,
          minmay_the_grid_square_5x5_gyroscope,
          minmay_the_grid_square_5x5_prize_gold, minmay_the_grid_square_5x5_c,
          minmay_the_grid_square_5x5_inset,
          minmay_the_grid_square_5x5_beaten_path,
          minmay_the_grid_square_5x5_prize_open,
          minmay_the_grid_square_5x5_inverted_slash,
          minmay_the_grid_square_5x5_prize_rear_guard,
          minmay_the_grid_square_5x5_bite,
          minmay_the_grid_square_5x5_fancy_junction,
          minmay_the_grid_square_5x5_tie, minmay_the_grid_square_5x5_z,
          minmay_the_grid_square_5x5_forky, minmay_the_grid_square_5x5_seven],
          layout_cave_pods, serial_shops, shop, hangedman_pestilent_swarm
D:12:     layout_irregular_city, zombieorc1_lemuel, enter_bailey_3
D:13:     layout_small_grid, lightli_vaults_fourway_checkpoint,
          portal_ice_cave_demonic_guard
D:14:     layout_layer_cave, hangedman_decor_growths, corexii_checkpoint_a
D:15:     gammafunk_enter_depths_forms, layout_layer_cave,
          gauntlet_entry_generic, hangedman_abyss_or_decor_stabs

Skill      XL: |  1  2  3  4  5  6  7  8  9 10 11 12 13 14 |
---------------+-------------------------------------------+-----
Fighting       | 4 5 6 7 8 10 11 13 14 15 | 15.6
Axes           | 4 5 6 7 10 11 13 15 16 17 | 17.7
Armour         | 3 4 5 7 9 10 11 12 13 14 | 14.1
Dodging        | 3 4 5 6 8 10 11 | 11.2
Stealth        | |  0.8

Action                   |  1- 3 |  4- 6 |  7- 9 | 10-12 | 13-15 || total
-------------------------+-------+-------+-------+-------+-------++-------
Melee: Hand axe          |    66 |   131 |   267 |   602 |   583 ||  1649
       Headbutt          |     9 |    15 |    58 |   180 |   205 ||   467
       Broad axe         |       |       |       |    15 |       ||    15
Invok: Berserk           |     2 |     3 |     5 |     8 |     7 ||    25
       Trog's Hand       |       |       |       |     5 |     1 ||     6
       Brothers in Arms  |       |       |       |     3 |     2 ||     5
  Use: Scroll            |       |     4 |     3 |     1 |       ||     8
 Stab: Distracted        |       |       |       |     1 |     1 ||     2
  Eat: Ration            |       |     1 |     2 |     4 |     4 ||    11
       Chunk             |       |     8 |    14 |    25 |    15 ||    62
Armor: Animal skin       |     6 |       |       |       |       ||     6
       Ring mail         |     7 |    18 |       |       |       ||    25
       Chain mail        |       |    34 |   135 |   111 |       ||   280
       Ice dragon scales |       |       |       |   306 |   464 ||   770
Dodge: Dodged            |    39 |    77 |   112 |   478 |   835 ||  1541
